 Dungeon Crawl Stone Soup version 0.17.0-15-g6d90897 (webtiles) character file.

636 oplop the Ducker (level 7, -3/27 HPs)
             Began as a Felid Ice Elementalist on Nov 10, 2015.
             Was a Follower of Vehumet.
             Slain by a hippogriff (4 damage)
             ... on level 6 of the Dungeon.
             The game lasted 00:14:17 (6331 turns).

oplop the Ducker (Felid Ice Elementalist)           Turns: 6331, Time: 00:14:17

Health: -3/27      AC:  8    Str:  6    XL:     7   Next: 25%
Magic:  7/16       EV: 27    Int: 17    God:    Vehumet [*.....]
Gold:   244        SH:  0    Dex: 16    Spells: 3 memorised, 9 levels left
                                        Lives:  0   Deaths: 2

rFire  . . .     SeeInvis +     (weapon unavailable)
rCold  + . .     Clarity  .     (armour unavailable)
rNeg   . . .     SustAt   .     (shield unavailable)
rPois  .         Gourm    .     (helmet unavailable)
rElec  .         Spirit   .     (cloak unavailable)
rCorr  .         Warding  .     (gloves unavailable)
rMut   .         Stasis   .     (boots unavailable)
MR     +....                    (no amulet)
Stlth  +++.......               p - +2 ring of evasion
                                u - +2 ring of slaying

@: icy armour, quick, somewhat resistant to hostile enchantments, fairly
stealthy
A: no armour, no weapons or thrown items, claws 1, fangs 3, horns 1, repulsion
field 1, see invisible, carnivore 3, cold resistance 1, speed 1, shaggy fur 2,
slow metabolism 1, sharp paws
a: Renounce Religion


You were on level 6 of the Dungeon.
You worshipped Vehumet.
Vehumet was aware of your devotion.
You were not hungry.

You visited 1 branch of the dungeon, and saw 7 of its levels.

You collected 244 gold pieces.

Inventory:

Jewellery
 d - a +2 ring of dexterity
 p - a +2 ring of evasion (right paw)
 u - a +2 ring of slaying (left paw)
Wands
 c - a wand of polymorph (13)
 n - a wand of draining (5)
Scrolls
 e - a scroll of remove curse
 f - a scroll of enchant armour
 g - a scroll of magic mapping
 i - 2 scrolls of immolation
 j - a scroll of fear
 k - 2 scrolls of identify
 l - 2 scrolls of recharging {unknown}
 t - a scroll of teleportation {unknown}
Potions
 m - 3 potions of invisibility
 o - a potion of might
 q - a potion of resistance
 r - a potion of curing
 w - a potion of agility
Books
 a - a book of Frost

   Spells                             Type                      Level
   a - Freeze                         Ice                          1
   b - Throw Frost                    Conjuration/Ice              2
   c - Ozocubu's Armour               Charms/Ice                   3
   d - Throw Icicle                   Conjuration/Ice              4
   e - Summon Ice Beast               Ice/Summoning                4
   f - Condensation Shield            Ice                          4
Comestibles
 b - 3 meat rations
 h - a slice of pizza
 v - a beef jerky


   Skills:
 + Level 7.9 Dodging
 - Level 2.6 Stealth
 + Level 5.8 Spellcasting
   Level 0.8 Conjurations
 + Level 6.1 Ice Magic


You had 9 spell levels left.
You knew the following spells:

 Your Spells              Type           Power        Failure   Level  Hunger
a - Freeze                Ice            ####         1%          1    None
b - Ozocubu's Armour      Chrm/Ice       ###.....     12%         3    ##.....
c - Condensation Shield   Ice            ####......   12%         4    ####...


Dungeon Overview and Level Annotations

Branches:
Dungeon (7/15)             Temple (0/1) D:6

Altars:
Cheibriados
Elyvilon
Nemelex Xobeh
Vehumet

Shops:
D:6 *

Annotations:
D:6 exclusion: phantom
D:7 Menkaure


Innate Abilities, Weirdness & Mutations

You cannot wear armour.
You are incapable of wielding weapons or throwing items.
You have sharp claws.
You have razor-sharp teeth.
You have supernaturally acute eyesight.
You are carnivorous and can eat meat at any time.
You cover ground quickly.
You are covered in thick fur (AC +2).
You have a slow metabolism.
Your sharp claws are effective at attacking unaware monsters.
You have a pair of small horns on your head.
You are surrounded by a mild repulsion field (EV +2).
Your flesh is cold resistant.


Message History

Press: ? - help, Shift-Dir - straight line, f/p - hippogriff
Aim: a hippogriff (moderately wounded)
You freeze the hippogriff.
The hippogriff is heavily wounded.
The hippogriff bites you!
* * * LOW HITPOINT WARNING * * *
The hippogriff pecks you.
* * * LOW HITPOINT WARNING * * *
The hippogriff claws you but does no damage.
You scratch the hippogriff.
The hippogriff is heavily wounded.
The hippogriff completely misses you. x2
The hippogriff closely misses you.
Unknown command.
You scratch the hippogriff but do no damage.
Your headbutt misses the hippogriff.
The hippogriff is heavily wounded.
You hear a distant blaring wail to the southwest.
The hippogriff bites you.
You die...

######## #......#
#.####.# #....#.#
###########..#.#.#
#............#.#.#
#####.##########H#.#.#
...............>@....#
##########.#######.###
............#....#.######
####........#.##.#......#
#..........#.##<######.#
##..........#.####### #.#
...........##.......# #.#
.#.#.#.#....#..####.# #.#
.........##.#..#....# #.#


You could see a hippogriff.

Vanquished Creatures
  Sigmund (D:3)
  An ogre (D:4)
  A centaur (D:4)
  6 giant frogs
  A water moccasin skeleton (D:4)
  A scorpion (D:6)
  2 hounds
  2 orc wizards
  An orc priest (D:4)
  3 iguanas
  Jessica (D:3)
  Natasha (thrice) (D:2)
  A worker ant (D:6)
  A hound skeleton (D:6)
  8 adders
  4 gnolls (D:4)
  3 oozes
  2 adder skeletons
  5 giant geckos
  9 orcs
  7 giant cockroaches
  8 goblins
  7 hobgoblins
  9 kobolds
  A ball python (D:6)
  8 bats
  A giant gecko skeleton (D:4)
  3 giant newts
  A quokka skeleton (D:6)
  6 rats
107 creatures vanquished.

Notes
Turn   | Place    | Note
--------------------------------------------------------------
     0 | D:1      | oplop the Felid Ice Elementalist began the quest for the Orb.
     0 | D:1      | Reached XP level 1. HP: 7/7 MP: 4/4
   299 | D:1      | Reached skill level 3 in Dodging
   572 | D:1      | Reached XP level 2. HP: 9/11 MP: 1/6
  1165 | D:2      | Reached XP level 3. HP: 6/14 MP: 7/7
  1422 | D:2      | Noticed Natasha
  1431 | D:2      | Killed Natasha
  1666 | D:2      | Noticed Natasha
  1723 | D:2      | Reached XP level 4. HP: 12/18 MP: 5/9
  1728 | D:2      | Killed Natasha
  1728 | D:2      | Reached skill level 4 in Dodging
  2055 | D:2      | Learned a level 3 spell: Ozocubu's Armour
  2056 | D:2      | Noticed Natasha
  2060 | D:2      | Killed Natasha
  2072 | D:3      | Noticed Jessica
  2079 | D:3      | Killed Jessica
  2354 | D:3      | Found a white marble altar of Elyvilon.
  2404 | D:3      | Reached XP level 5. HP: 18/21 MP: 7/10
  2407 | D:3      | Found a radiant altar of Vehumet.
  2425 | D:3      | Became a worshipper of Vehumet
  2723 | D:3      | Noticed Sigmund
  2818 | D:3      | Gained mutation: You are surrounded by a mild repulsion field (EV +2). [potion of beneficial mutation]
  2841 | D:3      | Killed Sigmund
  2841 | D:3      | Reached skill level 5 in Dodging
  2841 | D:3      | Gained mutation: You are covered in thick fur (AC +2). [Felid growth]
  2841 | D:3      | Reached XP level 6. HP: 17/24 MP: 2/12
  2906 | D:3      | Found a sparkling altar of Nemelex Xobeh.
  3584 | D:3      | Learned a level 4 spell: Condensation Shield
  3857 | D:4      | Reached skill level 6 in Dodging
  3857 | D:4      | Reached XP level 7. HP: 23/27 MP: 6/14
  3880 | D:4      | Reached skill level 5 in Ice Magic
  4141 | D:4      | HP: 1/27 [water moccasin skeleton (6)]
  4142 | D:4      | Slain by an orc priest
  4143 | D:4      | Reached XP level 6. HP: -2/24 MP: 9/13
  4976 | D:5      | Entered Level 5 of the Dungeon
  5021 | D:5      | Reached * piety under Vehumet
  5021 | D:5      | Offered knowledge of Sandblast by Vehumet.
  5168 | D:5      | Found a snail-covered altar of Cheibriados.
  5413 | D:5      | Reached skill level 5 in Spellcasting
  5413 | D:5      | Reached XP level 7. HP: 27/27 MP: 11/15
  5592 | D:5      | Reached skill level 7 in Dodging
  5736 | D:6      | Found a staircase to the Ecumenical Temple.
  5909 | D:6      | Killed from afar by an orc priest
  5910 | D:6      | Reached XP level 6. HP: -1/24 MP: 13/15
  5926 | D:6      | Found Rihad's Assorted Antiques.
  5940 | D:6      | Gained mutation: Your flesh is cold resistant. [potion of mutation]
  5940 | D:6      | Gained mutation: You have a pair of small horns on your head. [potion of mutation]
  6030 | D:6      | Reached XP level 7. HP: 21/27 MP: 13/16
  6230 | D:7      | Noticed Menkaure
  6329 | D:6      | HP: 1/27 [hippogriff (5)]
  6331 | D:6      | Slain by a hippogriff

Action                   |  1- 3 |  4- 6 |  7- 9 || total
-------------------------+-------+-------+-------++-------
Melee: Unarmed           |    77 |    91 |    47 ||   215
 Cast: Freeze            |    31 |   110 |    42 ||   183
       Ozocubu's Armour  |       |     7 |     3 ||    10
  Use: Scroll            |       |    11 |       ||    11
       Potion            |       |     4 |       ||     4
 Stab: Sleeping          |     6 |     7 |     7 ||    20
  Eat: Chunk             |     1 |     5 |       ||     6
